 Dungeon Crawl Stone Soup version 0.31-a0-145-g046c7d2549 (webtiles) character file.

Game seed: 697301058962844185

10858 Darkkill the Fighter (level 11, -4/102 HPs)
             Began as a Minotaur Hunter on June 5, 2023.
             Was an Initiate of Gozag.
             Slain by a harpy simulacrum (19 damage)
             ... in an ice cave.
             The game lasted 00:16:47 (8716 turns).

Darkkill the Fighter (Minotaur Hunter)              Turns: 8716, Time: 00:16:47

Health: -4/102     AC:  9    Str: 16    XL:     11   Next: 41%
Magic:  10/10      EV: 18    Int:  6    God:    Gozag
Gold:   915        SH:  0    Dex: 23    Spells: 10/10 levels left

rFire   . . .        A - +0 arbalest "Inuypome" {heavy, rElec Dex+3}
rCold   . . .        (shield currently unavailable)
rNeg    . . .        j - +0 ring mail "Achelon" {Regen+ Dex+2}
rPois   .            (helmet restricted)
rElec   +            q - +0 cloak
rCorr   .            c - +0 pair of gloves
SInv    .            E - +1 pair of boots
Will    .....        (no amulet)
Stlth   ++++         (no ring)
HPRegen 1.17/turn    (no ring)
MPRegen 0.12/turn

%: no passive effects
@: gold aura
A: horns 2, retaliatory headbutt
a: Renounce Religion, Potion Petition, Call Merchant, Bribe Branch


You were in an ice cave.
You worshipped Gozag.
Gozag was pleased with you.
You visited 2 branches of the dungeon, and saw 12 of its levels.
You also visited: Sewer and Ice Cave.

You collected 2325 gold pieces.
You paid 1410 gold pieces to Gozag.

Inventory:

Hand Weapons
 b - the +5 war axe "Edoeda" {protect, rF+}
   (You found it on level 6 of the Dungeon)

   rF:        It protects you from fire.
 A - the +0 arbalest "Inuypome" (weapon) {heavy, rElec Dex+3}
   (You acquired it on level 6 of the Dungeon)

   Dex:       It affects your dexterity (+3).
   rElec:     It insulates you from electricity.
 H - a +1 triple crossbow
Missiles
 d - 165 stones
 n - 7 curare-tipped darts {=f !f}
 o - 43 poisoned darts
 p - a throwing net {=f !f}
 D - 4 boomerangs
Armour
 c - a +0 pair of gloves (worn)
 j - the +0 ring mail "Achelon" (worn) {Regen+ Dex+2}
   (You found it on level 2 of the Dungeon)

   Dex:       It affects your dexterity (+2).
   Regen:     It increases your rate of health regeneration.
 q - a +0 cloak (worn)
 E - a +1 pair of boots (worn)
Wands
 h - a wand of digging (7)
 t - a wand of polymorph (12)
 y - a wand of roots (14)
 B - a wand of charming (1)
Scrolls
 a - a scroll of butterflies
 f - 2 scrolls of fog
 g - 2 scrolls of fear
 l - a scroll of teleportation
 F - 4 scrolls of identify {@r1}
 G - a scroll of magic mapping
Potions
 e - a potion of invisibility
 i - 3 potions of curing {@q1}
 k - 4 potions of attraction
 m - a potion of lignification
 r - a potion of resistance
 s - 4 potions of haste
 u - a potion of brilliance
 v - a potion of cancellation
 w - 3 potions of mutation
 x - a potion of berserk rage
 z - 2 potions of might


   Skills:
 + Level 11.1 Fighting
 + Level 11.0 Ranged Weapons
 + Level 10.2 Dodging
 + Level 8.4 Stealth


You had 10 spell levels left.
You didn't know any spells.
Your spell library contained the following spells:

 Spells                   Type           Power      Damage    Failure   Level
 Sublimation of Blood     Necr           0%         N/A       82%         2
 Wereblood                Tmut           0%         N/A       82%         2
 Gell's Gravitas          Tloc           0%         N/A       96%         3
 Ignite Poison            Fire/Tmut/Pois 0%         N/A       96%         3
 Teleport Other           Tloc           0%         N/A       96%         3
 Passage of Golubria      Tloc           0%         N/A       100%        4
 Sticky Flame             Conj/Fire      0%         2d3       100%        4
 Silence                  Hex/Air        0%         N/A       100%        5
 Dispersal                Tloc           0%         N/A       100%        6
 Ozocubu's Refrigeration  Ice            0%         4d7       100%        7
 Summon Hydra             Summ           0%         N/A       100%        7
 Ignition                 Fire           0%         3d3       100%        8
 Lehudib's Crystal Spear  Conj/Erth      0%         10d2      100%        8
 Polar Vortex             Ice            0%         N/A       100%        9
 Simulacrum               Ice/Necr       Unusable   N/A       N/A         6

Dungeon Overview and Level Annotations

Branches:
Dungeon (11/15)            Temple (1/1) D:5           Sewer (visited)
  IceCv (1/1)
   Lair: D:8-11         Orc: D:9-12

Altars:
Ashenzari
Cheibriados
Dithmenos
Elyvilon
Fedhas
Gozag
Hepliaklqana
Kikubaaqudgha
Makhleb
Nemelex Xobeh
Okawaru
Qazlal
Ru
Sif Muna
Trog
Uskayaw
Vehumet
Wu Jian
Xom
Yredelemnul
Zin
The Shining One

Shops:
D:6 *   D:10 [   D:11 (

Annotations:
D:8 1 runed translucent door, nomicflux's ghost, novice DrCj


Innate Abilities, Weirdness & Mutations

You have a pair of horns on your head.
You reflexively headbutt those who attack you in melee.


Message History

HP restored.
You now have 894 gold pieces (gained 27).
Found a kite shield of cold resistance and a tower shield of cold resistance.
h - a wand of digging (7)
You now have 910 gold pieces (gained 16).
You see here a +1 tower shield of cold resistance.
You see here a +2 kite shield of cold resistance. 5 simulacra, a white ugly thing and 6 ice devils come into view.
Found an ancient bone altar of Kikubaaqudgha.
The wolf simulacrum moves out of view.
A polar bear simulacrum, a three-headed hydra simulacrum and 2 ice devils come into view.
Fire: A) +0 arbalest "Inuypome" {heavy, rElec Dex+3}
Press: ? - help, Q - select action, (/) - cycle Shift-Dir - straight line, f - ice devil
Aim: an ice devil (69% to hit)
You shoot a bolt. The bolt hits the ice devil!
The ice devil is moderately wounded.
The ice devil closely misses you. You furiously retaliate!
You headbutt the ice devil. The ice devil closely misses you.
You furiously retaliate!
You headbutt the ice devil!
Fire: A) +0 arbalest "Inuypome" {heavy, rElec Dex+3}
Press: ? - help, Q - select action, (/) - cycle Shift-Dir - straight line, f/p - ice devil
Aim: an ice devil (severely wounded, 69% to hit)
You shoot a bolt. The bolt hits the ice devil.
The ice devil is severely wounded.
The ice devil completely misses you. x2; You furiously retaliate!
You headbutt the ice devil. The ice devil hits you. The ice devil freezes you!!
Fire: A) +0 arbalest "Inuypome" {heavy, rElec Dex+3}
Press: ? - help, Q - select action, (/) - cycle Shift-Dir - straight line, f/p - ice devil
Aim: an ice devil (severely wounded, 69% to hit)
You shoot a bolt. The bolt barely misses the ice devil.
The ice devil barely misses you. The ice devil hits you!
The ice devil freezes you!
Fire: A) +0 arbalest "Inuypome" {heavy, rElec Dex+3}
Press: ? - help, Q - select action, (/) - cycle Shift-Dir - straight line, f/p - ice devil
Aim: an ice devil (severely wounded, 69% to hit)
You shoot a bolt.
The bolt hits the ice devil but does no damage.
The ice devil is severely wounded.
The ice devil hits you! The ice devil freezes you!!
The ice devil closely misses you.
Fire: A) +0 arbalest "Inuypome" {heavy, rElec Dex+3}
Press: ? - help, Q - select action, (/) - cycle Shift-Dir - straight line, f/p - ice devil
Aim: an ice devil (severely wounded, 69% to hit)
You shoot a bolt. The bolt hits the ice devil!
The ice devil is almost dead.
The ice devil completely misses you. You furiously retaliate!
You headbutt the ice devil!
You kill the ice devil!
Fire: A) +0 arbalest "Inuypome" {heavy, rElec Dex+3}
Press: ? - help, Q - select action, (/) - cycle Shift-Dir - straight line, f - you Really target yourself?
Okay, then.
You now have 915 gold pieces (gained 5).
An ice devil comes into view.
A dire elephant simulacrum comes into view.
Fire: A) +0 arbalest "Inuypome" {heavy, rElec Dex+3}
Press: ? - help, Q - select action, (/) - cycle Shift-Dir - straight line, f - ice devil
Aim: an ice devil (69% to hit)
You shoot a bolt. The bolt hits the ice devil!!
The ice devil is severely wounded.
Fire: A) +0 arbalest "Inuypome" {heavy, rElec Dex+3}
Press: ? - help, Q - select action, (/) - cycle Shift-Dir - straight line, f/p - ice devil
Aim: an ice devil (severely wounded, 69% to hit)
You shoot a bolt. The bolt hits the ice devil!!!
You kill the ice devil!
Your Ranged Weapons skill increases to level 11!
Fire: A) +0 arbalest "Inuypome" {heavy, rElec Dex+3}
Press: ? - help, Q - select action, (/) - cycle Shift-Dir - straight line, f - dire elephant simulacrum
Aim: a dire elephant simulacrum (98% to hit)
You shoot a bolt.
The bolt hits the dire elephant simulacrum!!
The dire elephant simulacrum is heavily damaged.
A harpy simulacrum comes into view.
The dire elephant simulacrum is distracted by your dazzling golden aura.
Fire: A) +0 arbalest "Inuypome" {heavy, rElec Dex+3}
Press: ? - help, Q - select action, (/) - cycle Shift-Dir - straight line, f/p - dire elephant simulacrum
Aim: a dire elephant simulacrum (heavily damaged, unaware, hasn't noticed you, 98% to hit)
You shoot a bolt.
The bolt hits the dire elephant simulacrum!
The dire elephant simulacrum is no longer distracted by gold.
The dire elephant simulacrum is almost destroyed.
The harpy simulacrum completely misses you. x2
Fire: A) +0 arbalest "Inuypome" {heavy, rElec Dex+3}
Press: ? - help, Q - select action, (/) - cycle Shift-Dir - straight line, f/p - dire elephant simulacrum
Aim: a dire elephant simulacrum (almost destroyed, 98% to hit)
You shoot a bolt.
The bolt hits the dire elephant simulacrum!!
The dire elephant simulacrum vaporises!
The harpy simulacrum barely misses you. The harpy simulacrum claws you.
The harpy simulacrum freezes you! The harpy simulacrum claws you!
The harpy simulacrum freezes you!
The harpy simulacrum closely misses you. x2
The harpy simulacrum claws you. The harpy simulacrum freezes you!
* * * LOW HITPOINT WARNING * * *
The harpy simulacrum claws you but does no damage. x2
The harpy simulacrum barely misses you. The harpy simulacrum claws you.
* * * LOW HITPOINT WARNING * * *
The harpy simulacrum freezes you!!
You die...
Your body crumbles into a pile of gold. ...
Z.. ......... .
Z4. ........ #.. 44Z

........ ##...# ##4Z4
...... ###.☼.# ##...8
#.... ###..$.#
#####Z...# #ZZ#
##..@Z# ##.##...###
#Z$## ##...###
##...##....# #ZZ##
#..########..#..###..#
##..#
##..###.....###.4...##
##...# ##........##
##...### ##...##
#........8#########.
#...## #..........[#
##.. #...##
#..........[# #...
##...# ##.......####
##..


You could see a harpy simulacrum.

Vanquished Creatures
  Erolcha (D:9)
  An ugly thing (IceCv)
  An ice statue (IceCv)
  A gargoyle (D:10)
  A kobold demonologist (D:11)
  2 rime drakes (D:11)
  6 ice devils (IceCv)
  2 trolls
  A wraith (D:9)
  A shadow (D:11)
  A wyvern (D:9)
  A dire elephant simulacrum (IceCv)
  6 yaks
  2 death yak simulacra (IceCv)
  2 acid dragons
  A water moccasin (D:7)
  A hydra simulacrum (IceCv)
  2 black bears
  An ice beast (D:6)
  2 sky beasts
  An orc warrior (D:10)
  An ogre (D:6)
  3 centaurs
  3 phantoms
  5 kobold brigands
  2 bullfrogs
  8 scorpions
  3 cane toad simulacra (IceCv)
  12 wights
  2 elephant simulacra (IceCv)
  5 howler monkeys
  A crimson imp (D:5)
  2 hounds
  2 jellies
  A gnoll bouda (D:7)
  2 orc priests
  3 sleepcaps
  4 iguanas
  9 orc wizards
  2 spriggan simulacra (IceCv)
  3 wolf simulacra (IceCv)
  10 gnolls
  10 adders
  2 river rats (Sewer)
  A shadow imp (D:6)
  7 white imps
  2 ufetubi
  A dart slug (D:3)
  25 orcs
  4 endoplasms
  5 giant cockroaches
  5 goblins
  8 hobgoblins
  4 quokkas
  9 ball pythons
  A bat (D:1)
  3 frilled lizards
  30 kobolds
  19 rats
256 creatures vanquished.

Vanquished Creatures (collateral kills)
  A necromancer (IceCv)
1 creature vanquished.

Vanquished Creatures (others)
  A hydra simulacrum (IceCv)
  An elephant simulacrum (IceCv)
2 creatures vanquished.

Grand Total: 259 creatures vanquished

Notes
Turn   | Place    | Note
-------+----------+-------------------------------------------
     0 | D:1      | Darkkill the Minotaur Hunter began the quest for the Orb.
     0 | D:1      | Reached XP level 1. HP: 18/18 MP: 0/0
   222 | D:1      | Reached skill level 1 in Stealth
   332 | D:1      | You fall into a shaft and drop 1 floor!
   333 | D:2      | Found a blossoming altar of Fedhas.
   334 | D:2      | Noticed a scorpion
   342 | D:2      | Killed a scorpion
   343 | D:2      | Reached XP level 2. HP: 26/26 MP: 1/1
   343 | D:2      | Reached XP level 3. HP: 31/31 MP: 2/2
   398 | D:2      | Reached XP level 4. HP: 38/38 MP: 3/3
   416 | D:2      | Identified the +0 ring mail "Achelon" {Regen+ Dex+2}
   510 | D:1      | Found a faded altar of an unknown god.
  1164 | D:2      | Reached skill level 5 in Ranged Weapons
  1893 | D:3      | Reached XP level 5. HP: 46/46 MP: 4/4
  2545 | D:4      | Reached XP level 6. HP: 53/53 MP: 5/5
  2871 | D:4      | Reached skill level 5 in Fighting
  2871 | D:4      | Reached XP level 7. HP: 61/61 MP: 6/6
  2982 | D:5      | Entered Level 5 of the Dungeon
  3018 | D:5      | Found a glowing drain.
  3021 | Sewer    | Entered a sewer
  3153 | Sewer    | Reached skill level 5 in Dodging
  3592 | D:5      | Reached XP level 8. HP: 64/70 MP: 7/7
  3866 | D:5      | Found a burning altar of Makhleb.
  4100 | D:5      | Found a staircase to the Ecumenical Temple.
  4215 | D:6      | Found an ornate altar of the Wu Jian Council.
  4274 | D:6      | Found Geat's Assorted Antiques.
  4301 | D:6      | Reached skill level 5 in Stealth
  4812 | D:6      | Reached XP level 9. HP: 67/79 MP: 8/8
  4813 | D:6      | Identified a scroll of acquirement
  4813 | D:6      | Acquired the +0 arbalest "Inuypome" {heavy, rElec Dex+3}
  4827 | D:6      | Identified the +5 war axe "Edoeda" {protect, rF+}
  4871 | Temple   | Entered the Ecumenical Temple
  4877 | Temple   | Became a worshipper of Gozag Ym Sagoz the Greedy
  5542 | D:8      | Found a runed translucent door.
  5544 | D:8      | Noticed nomicflux's ghost (novice DrCj)
  6926 | D:9      | Reached XP level 10. HP: 91/91 MP: 9/9
  7017 | D:9      | Found a snail-covered altar of Cheibriados.
  7021 | D:9      | Found a white marble altar of Elyvilon.
  7044 | D:9      | Found a bloodstained altar of Trog.
  7387 | D:9      | Noticed Erolcha
  7389 | D:9      | Killed Erolcha
  7468 | D:10     | Entered Level 10 of the Dungeon
  7578 | D:10     | Noticed a gargoyle
  7579 | D:10     | Killed a gargoyle
  7712 | D:10     | Reached skill level 10 in Fighting
  7895 | D:10     | Reached skill level 10 in Ranged Weapons
  8136 | D:11     | Acquired 840 gold pieces
  8216 | D:11     | Found a frozen archway.
  8294 | IceCv    | Entered an ice cave
  8296 | IceCv    | Reached XP level 11. HP: 101/101 MP: 10/10
  8323 | IceCv    | HP: 18/101 [troll simulacrum (19)]
  8381 | IceCv    | Noticed a white ugly thing
  8382 | IceCv    | Noticed a necromancer
  8393 | IceCv    | Killed a necromancer
  8398 | IceCv    | Killed a white ugly thing
  8402 | IceCv    | Reached skill level 10 in Dodging
  8665 | IceCv    | Found an ancient bone altar of Kikubaaqudgha.
  8665 | IceCv    | Noticed a white ugly thing
  8716 | IceCv    | HP: 15/102 [harpy simulacrum (6)]
  8716 | IceCv    | Slain by a harpy simulacrum

Illustrated notes

Levels and vault maps discovered:
D:1:      minmay_arrival_shattered_statue, layout_basic,
          ebering_ecumenical_altar_mist
D:2:      layout_loops_cross, basic_altar, minmay_pentomino_u2
D:3:      layout_loops_ring
D:4:      layout_cave_pools, serial_rivers, chequers_serial_rivers_room_a,
          chequers_serial_rivers_large_b, chequers_serial_rivers_micro_a,
          chequers_serial_rivers_room_a, chequers_serial_rivers_micro_c,
          chequers_serial_rivers_marsh
D:5:      layout_rooms, makhleb_grotto_becter, minmay_temple_entry_from_below_b,
          gup_sewer_entry_pipe
D:6:      layout_loops_cross, nzn_wu_jian_council_hall, serial_shops,
          nicolae_shop_trees, skrybe_limestone_x
D:7:      layout_cave_pools, dk_noncrumbling_2
D:8:      layout_layer_cave, serial_rivers, chequers_serial_rivers_micro_e,
          chequers_serial_rivers_small_a, chequers_serial_rivers_micro_b,
          chequers_serial_rivers_room_a, chequers_serial_rivers_micro_d,
          ebering_ghost_reflecting_pool, kennysheep_nondescript,
          kennysheep_generic_room_16
D:9:      layout_long_grid, minitemple, uniq_erolcha
D:10:     layout_roguey, corexii_checkpoint_a, kennysheep_generic_room_10
D:11:     layout_basic, dpeg_oklobed_lair, portal_ice_cave_rime,
          ebering_ghost_disaster_area, uniq_nergalle
Temple:   sentei_temple_godly_chess
IceCv:    ice_cave_small_necro

Skill      XL: |  1  2  3  4  5  6  7  8  9 10 11 |
---------------+----------------------------------+-----
Stealth        | 1 2 3 4 5 6 7 8 |  8.4
Fighting       | 3 4 5 6 7 9 10 11 | 11.1
Dodging        | 3 4 5 6 8 9 10 | 10.2
Ranged Weapons | 5 6 7 9 10 11 | 11.0

Action                     |  1- 3 |  4- 6 |  7- 9 | 10-12 || total
---------------------------+-------+-------+-------+-------++-------
  Melee: Shortbow          |       |     1 |       |       ||     1
   Fire: Shortbow          |    29 |   165 |   277 |       ||   471
         Arbalest          |       |       |    84 |   130 ||   214
 Invoke: Call Merchant     |       |       |       |     2 ||     2
  Evoke: Wand              |       |       |       |     3 ||     3
    Use: Scroll            |     2 |    14 |     7 |     5 ||    28
         Potion            |       |       |     3 |     2 ||     5
 Armour: Leather armour    |     3 |       |       |       ||     3
         Ring mail         |       |    28 |    80 |    22 ||   130
  Dodge: Dodged            |     8 |    49 |   186 |   108 ||   351

Table legend: (Time is in decaauts)
 A = Elapsed time spent in this place.
 B = Non-inter-level travel time spent in this place.
 C = Inter-level travel time spent in this place.
 D = Time resting spent in this place.
 E = Time spent auto-exploring this place.
 F = Levels seen in this place.
 G = Mean time per level.
                   A        B        C        D        E       F      G
               +--------+--------+--------+--------+--------+-----+--------+
         Total |   9117 |   8592 |    525 |    244 |   6536 |  14 |  651.2 |
       Dungeon |   8139 |   7617 |    522 |    100 |   6195 |  11 |  739.9 |
        Temple |     10 |      7 |      3 |      0 |      0 |   1 |   10.0 |
         Sewer |    491 |    491 |      0 |      0 |    303 |   1 |  491.0 |
      Ice Cave |    476 |    476 |      0 |    144 |     38 |   1 |  476.0 |
               +--------+--------+--------+--------+--------+-----+--------+

Top non-repeatable levels by time:
     D:8: 1422 daAuts
     D:1: 854 daAuts
     D:2: 784 daAuts
     D:9: 756 daAuts
     D:5: 748 daAuts
     D:6: 735 daAuts
     D:3: 720 daAuts
     D:4: 695 daAuts
    D:10: 667 daAuts
     D:7: 539 daAuts
   Sewer: 491 daAuts
   IceCv: 476 daAuts
    D:11: 215 daAuts
  Temple: 10 daAuts

Levels and vault maps discovered:
D:1:      minmay_arrival_shattered_statue, layout_basic,
          ebering_ecumenical_altar_mist
D:2:      layout_loops_cross, basic_altar, minmay_pentomino_u2
D:3:      layout_loops_ring
D:4:      layout_cave_pools, serial_rivers, chequers_serial_rivers_room_a,
          chequers_serial_rivers_large_b, chequers_serial_rivers_micro_a,
          chequers_serial_rivers_room_a, chequers_serial_rivers_micro_c,
          chequers_serial_rivers_marsh
D:5:      layout_rooms, makhleb_grotto_becter, minmay_temple_entry_from_below_b,
          gup_sewer_entry_pipe
D:6:      layout_loops_cross, nzn_wu_jian_council_hall, serial_shops,
          nicolae_shop_trees, skrybe_limestone_x
D:7:      layout_cave_pools, dk_noncrumbling_2
D:8:      layout_layer_cave, serial_rivers, chequers_serial_rivers_micro_e,
          chequers_serial_rivers_small_a, chequers_serial_rivers_micro_b,
          chequers_serial_rivers_room_a, chequers_serial_rivers_micro_d,
          ebering_ghost_reflecting_pool, kennysheep_nondescript,
          kennysheep_generic_room_16
D:9:      layout_long_grid, minitemple, uniq_erolcha
D:10:     layout_roguey, corexii_checkpoint_a, kennysheep_generic_room_10
D:11:     layout_basic, dpeg_oklobed_lair, portal_ice_cave_rime,
          ebering_ghost_disaster_area, uniq_nergalle
Temple:   sentei_temple_godly_chess
IceCv:    ice_cave_small_necro

Table legend: (Time is in decaauts)
 A = Elapsed time spent in this place.
 B = Non-inter-level travel time spent in this place.
 C = Inter-level travel time spent in this place.
 D = Time resting spent in this place.
 E = Time spent auto-exploring this place.
 F = Levels seen in this place.
 G = Mean time per level.
                   A        B        C        D        E       F      G
               +--------+--------+--------+--------+--------+-----+--------+
         Total |   9117 |   8592 |    525 |    244 |   6536 |  14 |  651.2 |
       Dungeon |   8139 |   7617 |    522 |    100 |   6195 |  11 |  739.9 |
        Temple |     10 |      7 |      3 |      0 |      0 |   1 |   10.0 |
         Sewer |    491 |    491 |      0 |      0 |    303 |   1 |  491.0 |
      Ice Cave |    476 |    476 |      0 |    144 |     38 |   1 |  476.0 |
               +--------+--------+--------+--------+--------+-----+--------+

Top non-repeatable levels by time:
     D:8: 1422 daAuts
     D:1: 854 daAuts
     D:2: 784 daAuts
     D:9: 756 daAuts
     D:5: 748 daAuts
     D:6: 735 daAuts
     D:3: 720 daAuts
     D:4: 695 daAuts
    D:10: 667 daAuts
     D:7: 539 daAuts
   Sewer: 491 daAuts
   IceCv: 476 daAuts
    D:11: 215 daAuts
  Temple: 10 daAuts

Table legend:
 A = Kills in this place as a percentage of kills in the entire game.
 B = Kills by you in this place as a percentage of kills by you in the entire game.
 C = Kills by friends in this place as a percentage of kills by friends in the entire game.
 D = Other kills in this place as a percentage of other kills in the entire game.
 E = Experience gained in this place as a percentage of experience gained in the entire game.
 F = Experience gained in this place divided by the number of levels of this place that you have seen.
                   A       B       C       D       E      F
               +-------+-------+-------+-------+-------+----------------------
         Total | 100.0 | 100.0 | 100.0 |   N/A | 100.0 | 1123.2
       Dungeon |  72.4 |  72.7 |   0.0 |   N/A |  67.5 | 964.3
         Sewer |  17.9 |  18.0 |   0.0 |   N/A |   1.9 | 302.0
      Ice Cave |   9.7 |   9.4 | 100.0 |   N/A |  30.6 | 4816.0
               +-------+-------+-------+-------+-------+----------------------
